 Dungeon Crawl Stone Soup version 0.16-a0-4002-g2d13b8e (webtiles) character file.

123 Charly the Insei (level 4, 0/35 HPs)
             Began as a Draconian Transmuter on Feb 14, 2015.
             Was an Initiate of Ashenzari.
             Killed by divine providence
             ... invoked by an orc priest
              (12 damage)
             ... on level 4 of the Dungeon.
             The game lasted 00:16:05 (1256 turns).

Charly the Insei (Draconian Transmuter)             Turns: 1256, Time: 00:16:06

Health: 0/35       AC:  2    Str: 12    XL:     4   Next: 79%
Magic:  1/7        EV: 19    Int: 14    God:    Ashenzari [......]
Gold:   92         SH:  0    Dex: 17    Spells: 3 memorised, 1 level left

rFire  . . .     SeeInvis .       - Unarmed
rCold  . . .     Clarity  .     (armour unavailable)
rNeg   . . .     SustAb   .     (shield currently unavailable)
rPois  x         Gourm    .     (helmet currently unavailable)
rElec  .         Spirit   .     (cloak currently unavailable)
rCorr  .         Warding  .     (gloves currently unavailable)
rMut   .         Stasis   .     l - melded +0 pair of boots (curse)
MR     .....                    (no amulet)
Stlth  ++++......               s - ring of stealth
                                e - ring of stealth (curse)

@: spider-form, not resistant to hostile enchantments, stealthy
A: unfitting armour, (cold-blooded), AC +5
a: End Transformation, Renounce Religion


You were on level 4 of the Dungeon.
You worshipped Ashenzari.
Ashenzari was noncommittal.
You were not hungry.
You were a venomous arachnid creature.
You visited 1 branch of the dungeon, and saw 4 of its levels.

You collected 92 gold pieces.

Inventory:

Missiles
 b - 65 arrows
Armour
 l - a cursed +0 pair of boots (melded)
Jewellery
 e - a cursed ring of stealth (left front leg)
 f - an uncursed ring of teleportation
 s - a ring of stealth (right front leg)
Scrolls
 c - a scroll of blinking {unknown}
 i - a scroll of teleportation {unknown}
 k - a scroll of recharging {unknown}
 m - a scroll of fog {unknown}
 n - a scroll of curse armour
 p - a scroll of amnesia {unknown}
Potions
 g - 2 potions of magic
 h - 2 potions of might
 j - a potion of invisibility
 o - a potion of brilliance {unknown}
 q - a potion of curing {unknown}
 r - a potion of mutation {unknown}
Books
 d - a book of Changes

   Spells                             Type                      Level
   a - Beastly Appendage              Transmutation                1
   b - Sticks to Snakes               Transmutation                2
   c - Spider Form                    Transmutation/Poison         3
   d - Ice Form                       Ice/Transmutation            4
   e - Blade Hands                    Transmutation                5
Comestibles
 a - 2 bread rations


   Skills:
 - Level 1.1 Fighting
 - Level 1.7 Dodging
 + Level 4.2 Unarmed Combat
 - Level 2.0 Spellcasting
 + Level 3.6 Transmutations
 + Level 1.5 Poison Magic


You had one spell level left.
You knew the following spells:

 Your Spells              Type           Power        Failure   Level  Hunger
b - Beastly Appendage     Trmt           ##....       17%         1    ##.....
s - Sticks to Snakes      Trmt           ##........   24%         2    ###....
S - Spider Form           Trmt/Pois      #.........   45%         3    ####...


Dungeon Overview and Level Annotations

Branches:
Dungeon (4/15)
 Temple: D:4-7

Altars:
Ashenzari
Gozag
Nemelex Xobeh
Qazlal

Shops:
D:4 ?:

Annotations:
D:2 Ijyb
D:4 megamayne420's ghost, weakling DrBe


Innate Abilities, Weirdness & Mutations

((Your plain brown scales are hard (AC +5).))
Your body does not fit into most forms of armour.
((Your cold-blooded metabolism reacts poorly to cold.))


Message History

The orc wizard gestures at you while chanting.
The puff of frost misses you.
You hit the orc wizard.
The orc wizard is almost dead.
Your transformation has ended.
Your cursed +0 pair of boots unmelds from your body.
You kill the orc wizard!
Casting: Spider Form
Confirm with . or Enter, or press ? or * to list all spells.
You turn into a venomous arachnid creature.
Your cursed +0 pair of boots melds into your body.
The orc priest mumbles some strange prayers to Beogh against you.
Something smites you!
You hit the orc priest.
The orc priest is moderately wounded.
You hit the orc priest.
The orc priest is poisoned.
The orc priest is heavily wounded.
The orc priest mumbles some strange prayers to Beogh against you.
Something smites you!
You die...

. .....# ... .#...... . #...##.#
#........ . ##...#..# #..#.#.#. >
##..#...####..#.#... #
####..##รท..........#...
.##########...........#....# #..<
............##.##.###o..#.# #...
####........##[##.##....#.####...
#.....#......s.##.............
#.....#....oo####..o.#.####...
#.....#.....#..o...o.#.# #...
###...........o...##.#.## #...
##..........######....# ##..
#.#.##.....# #....# ###
####.#.##...### ##....##
#..<...##...# #......#
#........#...# #......#


You could see an orc priest and an orc.

Vanquished Creatures
  An orc wizard (D:4)
  A worm (D:3)
  2 giant geckos
  An ooze (D:3)
  An orc (D:3)
  A ball python (D:2)
  A bat (D:4)
  A giant cockroach (D:2)
  5 hobgoblins
  5 jackals
  2 kobolds (D:3)
  A quokka (D:3)
  2 giant newts
  7 goblins
  12 rats
43 creatures vanquished.

Vanquished Creatures (collateral kills)
  A scorpion (D:3)
  2 adders (D:3)
  A worm (D:3)
  A bat (D:3)
  A hobgoblin (D:3)
6 creatures vanquished.

Grand Total: 49 creatures vanquished

Notes
Turn   | Place    | Note
--------------------------------------------------------------
     0 | D:1      | Charly, the Draconian Transmuter, began the quest for the Orb.
     0 | D:1      | Reached XP level 1. HP: 16/16 MP: 3/3
   223 | D:1      | Reached XP level 2. HP: 20/23 MP: 2/4
   240 | D:1      | Learned a level 2 spell: Sticks to Snakes
   503 | D:2      | Noticed Ijyb
   584 | D:3      | Reached XP level 3. HP: 23/28 MP: 1/6
   595 | D:3      | Noticed a scorpion
   625 | D:3      | Found a stormy altar of Qazlal.
   648 | D:3      | Found a shattered altar of Ashenzari.
   650 | D:3      | Found a sparkling altar of Nemelex Xobeh.
   679 | D:3      | Became a worshipper of Ashenzari the Shackled
   764 | D:2      | Learned a level 3 spell: Spider Form
   765 | D:2      | Found an opulent altar of Gozag.
   924 | D:4      | Found Qiyc's Book Boutique.
   984 | D:4      | Noticed megamayne420's ghost (weakling DrBe)
  1027 | D:4      | Found Buttanu's Magic Scroll Emporium.
  1203 | D:3      | Killed a scorpion
  1203 | D:3      | Reached skill level 4 in Unarmed Combat
  1203 | D:3      | Reached skill level 1 in Poison Magic
  1203 | D:3      | Reached XP level 4. HP: 20/35 MP: 1/7
  1256 | D:4      | Killed from afar by an orc priest

Action                   |  1- 3 |  4- 6 || total
-------------------------+-------+-------++-------
Melee: Unarmed           |   158 |     5 ||   163
 Cast: Beastly Appendage |    18 |       ||    18
       Sticks to Snakes  |    12 |       ||    12
       Spider Form       |     1 |     2 ||     3
  Use: Scroll            |     6 |       ||     6
 Stab: Sleeping          |     7 |       ||     7
  Eat: Meat ration       |     1 |       ||     1
